SL
PHOENIX HOTSPUR @ NEW AMSTERDAM DUTCHMEN
08/21/2034
 
TOP OF THE 1ST
Phoenix Hotspur batting - Pitching for New Amsterdam Dutchmen : RHP Enrique Cortéz
Pitching: RHP Enrique Cortéz
Batting: RHB Lopahin Davletyarov 0-0: Called Strike
0-1: Ball
1-1: Fly out, F7 (Flyball, 7LM)
Batting: RHB Dale Everest 0-0: Foul Ball, location: 2F
0-1: Ball
1-1: Ground out 5-3 (Groundball, 56)
Batting: LHB Tadayoshi Watanabe 0-0: Ball
1-0: Ball
2-0: SOLO HOME RUN (Flyball, 9LD), Distance : 344 ft
Batting: LHB Harumi Takaki 0-0: Ball
1-0: Called Strike
1-1: Ball
2-1: Foul Ball, location: 2F
2-2: Ball
3-2: Foul Ball, location: 2F
3-2: Strikes out swinging
Top of the 1st over - 1 run, 1 hit, 0 errors, 0 left on base; Phoenix 1 - New Amsterdam 0
BOTTOM OF THE 1ST
New Amsterdam Dutchmen batting - Pitching for Phoenix Hotspur : RHP Leon von Stroheim
Pitching: RHP Leon von Stroheim
Batting: LHB Jurg Ursin 0-0: Ball
1-0: SINGLE (Flyball, 9S)
Batting: LHB SaQwan Hackett 0-0: SINGLE (Flyball, 78S)
Jurg Ursin to second
Batting: LHB José Corona 0-0: Ball
1-0: Ball
2-0: Ball
3-0: Base on Balls
Jurg Ursin to third
SaQwan Hackett to second
Batting: RHB Kyu-cheol Kye 0-0: Called Strike
0-1: Called Strike
0-2: Ball
1-2: Ball
2-2: Ball
3-2: Base on Balls
Jurg Ursin scores
SaQwan Hackett to third
José Corona to second
Batting: LHB Carlos Campos 0-0: Ball
1-0: Called Strike
1-1: Fielders Choice at 2nd, 3-6 (Groundball, 34)
SaQwan Hackett scores
José Corona to third
Batting: RHB James Hemwick 0-0: Foul Ball, location: 2F
0-1: Ball
1-1: Called Strike
1-2: Ball
2-2: Reached on error, E5 (Groundball, 5)
José Corona scores
Carlos Campos to second
Batting: RHB Heherson Inaris 0-0: Ball
1-0: Fielders Choice at 2nd, 5-4 (Groundball, 56)
Carlos Campos to third
Batting: RHB Pablo Ledesma 0-0: Foul Ball, location: 2F
0-1: Ball
1-1: Foul Ball, location: 2F
1-2: Strikes out swinging
Bottom of the 1st over - 3 runs, 2 hits, 1 error, 2 left on base; Phoenix 1 - New Amsterdam 3
TOP OF THE 2ND
Phoenix Hotspur batting - Pitching for New Amsterdam Dutchmen : RHP Enrique Cortéz
Batting: RHB Gabriel Pérez 0-0: Swinging Strike
0-1: Ball
1-1: Ground out 6-3 (Groundball, 6S)
Batting: RHB Martín Talia 0-0: SINGLE (Line Drive, 6MD)
Batting: LHB Francisco García 0-0: Ball
1-0: Called Strike
1-1: Ball
2-1: Ball
3-1: Base on Balls
Martín Talia to second
Batting: RHB Julián De Paz 0-0: Called Strike
0-1: Grounds into double play, 6-4-3 (Groundball, 6)
Top of the 2nd over - 0 runs, 1 hit, 0 errors, 1 left on base; Phoenix 1 - New Amsterdam 3
BOTTOM OF THE 2ND
New Amsterdam Dutchmen batting - Pitching for Phoenix Hotspur : RHP Leon von Stroheim
Batting: LHB Takayuki Yoshikawa 0-0: Ball
1-0: Ground out 6-3 (Groundball, 6M)
Batting: LHB Jurg Ursin 0-0: Ball
1-0: Ball
2-0: Ball
3-0: Base on Balls
Batting: LHB SaQwan Hackett 0-0: Foul Ball, location: 2F
0-1: Called Strike
0-2: Foul Ball, location: 2F
0-2: Grounds into double play, 6-4-3 (Groundball, 6)
Bottom of the 2nd over - 0 runs, 0 hits, 0 errors, 0 left on base; Phoenix 1 - New Amsterdam 3
TOP OF THE 3RD
Phoenix Hotspur batting - Pitching for New Amsterdam Dutchmen : RHP Enrique Cortéz
Batting: RHB George Robinson 0-0: Ball
1-0: Ball
2-0: Ball
3-0: Base on Balls
Batting: RHB Lopahin Davletyarov 0-0: Ball
Wild Pitch!
George Robinson to second
1-0: Ball
2-0: Foul Ball, location: 2F
2-1: Ground out 6-3 (Groundball, 56)
Batting: RHB Dale Everest 0-0: Ball
1-0: Ball
2-0: Foul Ball, location: 2F
2-1: Ground out 6-3 (Groundball, 6)
Batting: LHB Tadayoshi Watanabe 0-0: Ball
1-0: 2-RUN HOME RUN (Flyball, 9LD), Distance : 347 ft
Batting: LHB Harumi Takaki 0-0: SINGLE (Flyball, 9S)
Batting: RHB Gabriel Pérez 0-0: Foul Ball, location: 2F
0-1: Ball
1-1: Ball
2-1: Foul Ball, location: 2F
2-2: Ball
3-2: Fly out, F8 (Flyball, 89D)
Top of the 3rd over - 2 runs, 2 hits, 0 errors, 1 left on base; Phoenix 3 - New Amsterdam 3
BOTTOM OF THE 3RD
New Amsterdam Dutchmen batting - Pitching for Phoenix Hotspur : RHP Leon von Stroheim
Batting: LHB José Corona 0-0: Ball
1-0: Called Strike
1-1: Fly out, F9 (Line Drive, 89D)
Batting: RHB Kyu-cheol Kye 0-0: Ball
1-0: Called Strike
1-1: Foul Ball, location: 2F
1-2: Fly out, F6 (Line Drive, 6)
Batting: LHB Carlos Campos 0-0: Ball
1-0: Ground out 1-3 (Groundball, 15S)
Bottom of the 3rd over - 0 runs, 0 hits, 0 errors, 0 left on base; Phoenix 3 - New Amsterdam 3
TOP OF THE 4TH
Phoenix Hotspur batting - Pitching for New Amsterdam Dutchmen : RHP Enrique Cortéz
Batting: RHB Martín Talia 0-0: Ball
1-0: Ball
2-0: Ball
3-0: Called Strike
3-1: Swinging Strike
3-2: Fly out, F3 (Popup, 3F)
Batting: LHB Francisco García 0-0: Called Strike
0-1: Fly out, F9 (Flyball, 89D)
Batting: RHB Julián De Paz 0-0: Called Strike
0-1: Ball
1-1: Ball
2-1: Called Strike
2-2: Strikes out swinging
Top of the 4th over - 0 runs, 0 hits, 0 errors, 0 left on base; Phoenix 3 - New Amsterdam 3
BOTTOM OF THE 4TH
New Amsterdam Dutchmen batting - Pitching for Phoenix Hotspur : RHP Leon von Stroheim
Batting: RHB James Hemwick 0-0: Called Strike
0-1: Ground out 5-3 (Groundball, 56)
Batting: RHB Heherson Inaris 0-0: Called Strike
0-1: SINGLE (Line Drive, 56)
Batting: RHB Pablo Ledesma 0-0: Ball
Heherson Inaris steals 2nd base
1-0: Called Strike
1-1: Foul Ball, location: 2F
1-2: Strikes out swinging
Batting: LHB Takayuki Yoshikawa 0-0: Ball
1-0: Called Strike
1-1: Called Strike
1-2: Ball
2-2: Strikes out swinging
Bottom of the 4th over - 0 runs, 1 hit, 0 errors, 1 left on base; Phoenix 3 - New Amsterdam 3
TOP OF THE 5TH
Phoenix Hotspur batting - Pitching for New Amsterdam Dutchmen : RHP Enrique Cortéz
Batting: RHB George Robinson 0-0: Ball
1-0: Called Strike
1-1: Called Strike
1-2: Ground out 2-3 (Groundball, 2L)
Batting: RHB Lopahin Davletyarov 0-0: Ball
1-0: Called Strike
1-1: Ball
2-1: Ball
3-1: Ground out 4-3 (Groundball, 4S)
Batting: RHB Dale Everest 0-0: Called Strike
0-1: Ball
1-1: Ground out 1-3 (Groundball, 15S)
Top of the 5th over - 0 runs, 0 hits, 0 errors, 0 left on base; Phoenix 3 - New Amsterdam 3
BOTTOM OF THE 5TH
New Amsterdam Dutchmen batting - Pitching for Phoenix Hotspur : RHP Leon von Stroheim
Batting: LHB Jurg Ursin 0-0: Called Strike
0-1: Called Strike
0-2: Ball
1-2: Ball
2-2: Strikes out swinging
Batting: LHB SaQwan Hackett 0-0: Called Strike
0-1: Ball
1-1: Ball
2-1: DOUBLE (Line Drive, 78D)
Batting: LHB José Corona 0-0: Swinging Strike
0-1: Foul Ball, location: 2F
0-2: Ball
1-2: Ball
2-2: Foul Ball, location: 2F
2-2: Ball
3-2: Foul Ball, location: 2F
3-2: Foul Ball, location: 2F
3-2: Strikes out swinging
Batting: RHB Kyu-cheol Kye 0-0: Swinging Strike
0-1: Fly out, F7 (Flyball, 7S)
Bottom of the 5th over - 0 runs, 1 hit, 0 errors, 1 left on base; Phoenix 3 - New Amsterdam 3
TOP OF THE 6TH
Phoenix Hotspur batting - Pitching for New Amsterdam Dutchmen : RHP Enrique Cortéz
Batting: LHB Tadayoshi Watanabe 0-0: Ball
1-0: Ball
2-0: Called Strike
2-1: Foul Ball, location: 2F
2-2: Ball
3-2: Ground out 4-3 (Groundball, 4S)
Batting: LHB Harumi Takaki 0-0: Swinging Strike
0-1: Ball
1-1: Foul Ball, location: 2F
1-2: Ball
2-2: Foul Ball, location: 2F
2-2: Foul Ball, location: 2F
2-2: Strikes out looking
Batting: RHB Gabriel Pérez 0-0: Ball
1-0: Ball
2-0: Ground out 4-3 (Groundball, 4)
Top of the 6th over - 0 runs, 0 hits, 0 errors, 0 left on base; Phoenix 3 - New Amsterdam 3
BOTTOM OF THE 6TH
New Amsterdam Dutchmen batting - Pitching for Phoenix Hotspur : RHP Leon von Stroheim
Batting: LHB Carlos Campos 0-0: Ground out U3 (Groundball, 3)
Batting: RHB James Hemwick 0-0: Called Strike
0-1: Foul Ball, location: 2F
0-2: Fly out, F9 (Line Drive, 9D)
Batting: RHB Heherson Inaris 0-0: Called Strike
0-1: Swinging Strike
0-2: Strikes out looking
Bottom of the 6th over - 0 runs, 0 hits, 0 errors, 0 left on base; Phoenix 3 - New Amsterdam 3
TOP OF THE 7TH
Phoenix Hotspur batting - Pitching for New Amsterdam Dutchmen : RHP Enrique Cortéz
Batting: RHB Martín Talia 0-0: Ball
1-0: Fly out, F7 (Flyball, 78S)
Batting: LHB Francisco García 0-0: Fly out, F7 (Flyball, 7S)
Batting: RHB Julián De Paz 0-0: Foul Ball, location: 2F
0-1: Foul Ball, location: 2F
0-2: Ball
1-2: Strikes out swinging
Top of the 7th over - 0 runs, 0 hits, 0 errors, 0 left on base; Phoenix 3 - New Amsterdam 3
BOTTOM OF THE 7TH
New Amsterdam Dutchmen batting - Pitching for Phoenix Hotspur : RHP Leon von Stroheim
Batting: RHB Pablo Ledesma 0-0: Ball
1-0: Ground out U3 (Groundball, 3L)
Batting: LHB Takayuki Yoshikawa 0-0: Called Strike
0-1: Ball
1-1: Ball
2-1: Ground out 3-1 (Groundball, 34S)
Batting: LHB Jurg Ursin 0-0: Ball
1-0: Fly out, F5 (Popup, 56S)
Bottom of the 7th over - 0 runs, 0 hits, 0 errors, 0 left on base; Phoenix 3 - New Amsterdam 3
TOP OF THE 8TH
Phoenix Hotspur batting - Pitching for New Amsterdam Dutchmen : RHP Enrique Cortéz
Batting: RHB George Robinson 0-0: Foul Ball, location: 2F
0-1: Called Strike
0-2: Fly out, F6 (Popup, 6)
Batting: RHB Lopahin Davletyarov 0-0: Ball
1-0: Ball
2-0: Called Strike
2-1: Foul Ball, location: 2F
2-2: Ball
3-2: SINGLE (Groundball, 4MS) (infield hit)
Batting: RHB Dale Everest 0-0: Called Strike
0-1: Ball
1-1: Ball
2-1: Called Strike
2-2: Foul Ball, location: 2F
2-2: Strikes out swinging
Batting: LHB Tadayoshi Watanabe 0-0: Ball
1-0: Foul Ball, location: 2F
1-1: Ball
2-1: Ball
3-1: Called Strike
Lopahin Davletyarov steals 2nd base
3-2: Strikes out looking
Top of the 8th over - 0 runs, 1 hit, 0 errors, 1 left on base; Phoenix 3 - New Amsterdam 3
BOTTOM OF THE 8TH
New Amsterdam Dutchmen batting - Pitching for Phoenix Hotspur : RHP Leon von Stroheim
Batting: LHB SaQwan Hackett 0-0: Foul Ball, location: 2F
0-1: Ball
1-1: Ball
2-1: Foul Ball, location: 2F
2-2: Ball
3-2: Ground out 5-3 (Groundball, 5L)
Batting: LHB José Corona 0-0: Ball
1-0: Swinging Strike
1-1: Fly out, F8 (Flyball, 8RXD)
Batting: RHB Kyu-cheol Kye 0-0: Called Strike
0-1: Foul Ball, location: 2F
0-2: Ball
1-2: Ball
2-2: Ball
3-2: Base on Balls
Batting: LHB Carlos Campos 0-0: Called Strike
Kyu-cheol Kye steals 2nd base
0-1: SINGLE (Groundball, 6MD)
Kyu-cheol Kye to third
Runner from 3rd tries for Home, SAFE, no throw
Batting: RHB James Hemwick 0-0: Called Strike
0-1: Foul Ball, location: 2F
0-2: Foul Ball, location: 2F
0-2: Ball
1-2: Fielders Choice at 2nd, 6-4 (Groundball, 6)
Bottom of the 8th over - 1 run, 1 hit, 0 errors, 1 left on base; Phoenix 3 - New Amsterdam 4
TOP OF THE 9TH
Phoenix Hotspur batting - Pitching for New Amsterdam Dutchmen : RHP Enrique Cortéz
Batting: LHB Harumi Takaki 0-0: Ball
1-0: Ball
2-0: Called Strike
2-1: Ball
3-1: Foul Ball, location: 2F
3-2: Foul Ball, location: 2F
3-2: Foul Ball, location: 2F
3-2: Base on Balls
Pitching: RHP Nelle Liefting
Batting: RHB Gabriel Pérez 0-0: Called Strike
0-1: Called Strike
0-2: Strikes out swinging
Batting: RHB Martín Talia 0-0: Ball
1-0: SINGLE (Groundball, 6MD)
Harumi Takaki to second
Runner from 2nd tries for 3rd, SAFE, no throw
Batting: LHB Francisco García 0-0: Ball
1-0: Swinging Strike
1-1: Ball
2-1: Ball
3-1: Fly out, F8 (Flyball, 89S)
Runner from 3rd tags up, SCORES, no throw
Batting: RHB Julián De Paz 0-0: Called Strike
Martín Talia steals 2nd base
0-1: Ball
1-1: Intentional Walk
Pinch Hitting: LHB Wagaw Lukongolo 0-0: Ball
1-0: Called Strike
1-1: Fielders Choice at 2nd, 6-4 (Groundball, 6)
Top of the 9th over - 1 run, 1 hit, 0 errors, 2 left on base; Phoenix 4 - New Amsterdam 4
BOTTOM OF THE 9TH
New Amsterdam Dutchmen batting - Pitching for Phoenix Hotspur : RHP Leon von Stroheim
Now at C: Mark Detamore
Batting: RHB Heherson Inaris 0-0: Called Strike
0-1: Ball
1-1: Ball
2-1: Foul Ball, location: 2F
2-2: DOUBLE (Flyball, 8LXD)
Pitching: RHP Alexander Weareorwear
Batting: RHB Pablo Ledesma 0-0: Ball
1-0: Ground out 5-3 (Groundball, 56S)
Heherson Inaris to third
Batting: LHB Takayuki Yoshikawa 0-0: Intentional Walk
Batting: LHB Jurg Ursin 0-0: Called Strike
0-1: Called Strike
0-2: Ball
Takayuki Yoshikawa steals 2nd base
1-2: Intentional Walk
Batting: LHB SaQwan Hackett 0-0: Ball
1-0: Ball
2-0: Foul Ball, location: 2F
2-1: Foul Ball, location: 2F
2-2: Ball
3-2: Foul Ball, location: 2F
3-2: Base on Balls
Heherson Inaris scores
Takayuki Yoshikawa to third
Jurg Ursin to second
Friday, March 29th, 2019 - OOTP Baseball 18.8 Build 76